 Dungeon Crawl Stone Soup version 0.31.0-12-g77e489cdc1 (webtiles) character file.

Game seed: 18007621197601140114

49 Gadfly the Trooper (level 3, -1/29 HPs)
             Began as a Demonspawn Monk on Feb 23, 2024.
             Slain by a gnoll
             ... wielding a +0 whip
              (3 damage)
             ... on level 2 of the Dungeon.
             The game lasted 00:01:12 (1296 turns).

Gadfly the Trooper (Demonspawn Monk)                Turns: 1296, Time: 00:01:13

Health: -1/29      AC:  2    Str: 13    XL:     3   Next: 51%
Magic:  3/3        EV: 13    Int: 10    God:
Gold:   103        SH:  0    Dex: 15    Spells: 2/2 levels left

rFire   . .          .
                       - Unarmed
rCold   . . .        c - orb {light}
rNeg    . . .        a - +0 robe
rPois   .            (no helmet)
rElec   .            (no cloak)
rCorr   .            (no gloves)
SInv    .            (no boots)
Will    .....        (no amulet)
Stlth   +            (no ring)
HPRegen 0.24/turn    (no ring)
MPRegen 0.08/turn

%: no passive effects
@: mighty, glowing
A: powered by pain 1, spiny 1
a: no special abilities


You were on level 2 of the Dungeon.
You visited 1 branch of the dungeon, and saw 2 of its levels.

You collected 103 gold pieces.

Inventory:

Armour
 a - a +0 robe (worn)
 c - an orb of light (worn)
Talismans
 f - a flux talisman
Potions
 b - a potion of ambrosia
 d - a potion of haste
 e - a potion of curing
 h - a potion of lignification {unknown}
 i - a potion of might {unknown}
 k - 2 potions of invisibility {unknown}


   Skills:
 + Level 3.4 Fighting
 + Level 3.1 Dodging
 + Level 3.1 Unarmed Combat
 + Level 1.3 Evocations


You had 2 spell levels left.
You didn't know any spells.
Your spell library was empty.

Dungeon Overview and Level Annotations

Branches:
Dungeon (2/15)

Altars:


Innate Abilities, Weirdness & Mutations

You sometimes gain a little power by taking damage.
You are partially covered in sharp spines.


Message History

A giant cockroach is nearby!
A giant cockroach is nearby!
A gnoll comes into view. It is wielding a +0 whip.
The gnoll shouts!
You hear a shout! x2
A gnoll comes into view. It is wielding a +0 halberd.
A gnoll comes into view. It is wielding a +0 whip.
You hit the giant cockroach but do no damage.
The giant cockroach bites you.
You hit the giant cockroach.
The giant cockroach is severely wounded.
The giant cockroach misses you.
You hit the giant cockroach.
You kill the giant cockroach!
You hit the gnoll but do no damage. The gnoll barely misses you.
You hit the gnoll but do no damage. The gnoll is struck by your spines.
The gnoll hits you with a +0 whip.
You hit the gnoll but do no damage.
The gnoll is moderately wounded.
The gnoll is struck by your spines. The gnoll hits you with a +0 whip.
You hit the gnoll.
You kill the gnoll!
The gnoll completely misses you.
You see here a +0 whip.
You hit the gnoll but do no damage. The gnoll misses you.
The gnoll is struck by your spines. The gnoll closely misses you.
A ball python comes into view.
The ball python hisses angrily.
You hit the gnoll.
The gnoll is lightly wounded.
The gnoll closely misses you. The gnoll hits you with a +0 whip.
You hit the gnoll.
The gnoll is moderately wounded.
The gnoll hits you from afar with a +0 halberd.
A gnoll comes into view. It is wielding a +0 sling.
The gnoll is struck by your spines. The gnoll hits you with a +0 whip!
* * * LOW HITPOINT WARNING * * *
You focus on the pain.
You feel very mighty all of a sudden. The gnoll attacks as it pursues you!
The gnoll hits you with a +0 whip.
You die...

... #.# .... #.# .... #.#
# .... #.# ### ..... #.#
#.. .....######## #.# #.#
.......#....#####.###.# #
#.......†.........
....####@#.##.####.####.#
#..g.g)g#.##.# #.# #.#
....###..#.##.# #.# #.# #
...#.##.# #.# #.#
##..#.##.# #.# #.#
#.S#.##.# #.# #..
.....##.# #.# #..
#..####.# #.# ##. ...# ##


You could see 3 gnolls and a ball python.

Vanquished Creatures
  A gnoll (D:2)
  An adder (D:2)
  A ribbon worm (D:2)
  A bat (D:2)
  3 endoplasms
  2 giant cockroaches (D:2)
  5 hobgoblins
  3 kobolds
  3 ball pythons (D:2)
  2 frilled lizards (D:2)
  A goblin (D:1)
  4 rats
27 creatures vanquished.

Notes
Turn   | Place    | Note
-------+----------+-------------------------------------------
     0 | D:1      | Gadfly the Demonspawn Monk began the quest for the Orb.
     0 | D:1      | Reached XP level 1. HP: 18/18 MP: 1/1
   468 | D:1      | Gained mutation: You are partially covered in sharp spines.
                  | [demonic ancestry]
   468 | D:1      | Reached XP level 2. HP: 17/24 MP: 2/2
   992 | D:2      | Reached skill level 1 in Evocations
  1049 | D:2      | Gained mutation: You sometimes gain a little power by
                  | taking damage. [demonic ancestry]
  1049 | D:2      | Reached XP level 3. HP: 22/29 MP: 3/3
  1241 | D:2      | Found a faded altar of an unknown god.
  1296 | D:2      | Slain by a gnoll

Illustrated notes

Levels and vault maps discovered:
D:1:      evilmike_arrival_plus, layout_basic
D:2:      layout_loops_ring, ebering_ecumenical_altar_mist

Skill      XL: |  1  2 |
---------------+-------+-----
Dodging        | 3 |  3.1
Unarmed Combat | 3 |  3.1
Evocations     | 1 |  1.3
Fighting       | |  3.4

Action                     || total
---------------------------++-------
  Melee: Unarmed           ||    70
    Use: Scroll            ||     3
         Potion            ||     1
 Armour: Robe              ||    30
  Dodge: Dodged            ||    33
